 Dungeon Crawl Stone Soup version 0.20.0-15-g7f486f2 (webtiles) character file.

11745 vishdafish the Blocker (level 11, -3/75 HPs)
             Began as a Gargoyle Fighter on June 23, 2017.
             Splashed by an acid dragon's acid (12 damage)
             ... on level 11 of the Dungeon.
             The game lasted 00:27:16 (9777 turns).

vishdafish the Blocker (Gargoyle Fighter)           Turns: 9777, Time: 00:27:18

Health: -3/75      AC: 22    Str: 21    XL:     11   Next: 82%
Magic:  11/11      EV:  8    Int:  9    God:    Xom [.*....]
Gold:   505        SH: 18    Dex: 11    Spells: 10/10 levels left

rFire    . . .     SeeInvis +   h - +0 flail (crush)
rCold    . . .     Gourm    .   c - +0 shield
rNeg     + . .     Faith    .   n - +3 chain mail
rPois    ∞         Spirit   .   y - +2 hat
rElec    +         Reflect  +   (no cloak)
rCorr    .         Harm     .   (no gloves)
MR       .....                  A - +0 pair of boots
Stlth    ..........             I - +6 amulet of reflection
Regen    0.3/turn               o - ring of see invisible
MPRegen  0.2/turn               F - +2 ring of slaying

@: about to teleport, corroded
A: horns 1, talons 1, rugged brown scales 1, blink, negative energy resistance
1, robust 1, electricity resistance, unbreathing, petrification resistance, rot
immunity, subdued magic 1, AC +7
a: Blink, Renounce Religion


You were on level 11 of the Dungeon.
You worshipped Xom.
You were a plaything of Xom.
You were not hungry.

You visited 2 branches of the dungeon, and saw 12 of its levels.

You collected 505 gold pieces.

Inventory:

Hand Weapons
 a - a +0 flail
 h - a +0 flail of crushing (weapon)
Armour
 c - a +0 shield (worn)
 n - a +3 chain mail (worn)
 y - a +2 hat (worn)
 A - a +0 pair of boots (worn)
Jewellery
 o - a ring of see invisible (left hand)
 r - an uncursed ring of protection from cold
 F - a +2 ring of slaying (right hand)
 G - an uncursed amulet of magic regeneration
 I - a +6 amulet of reflection (around neck)
 J - a +4 ring of intelligence
Wands
 d - a wand of scattershot (7/9)
 g - a wand of random effects (18/48)
 D - a wand of iceblast (9/15)
 E - a wand of polymorph (16/24)
Scrolls
 b - a scroll of vulnerability {unknown}
 e - 2 scrolls of blinking {unknown}
 i - 3 scrolls of enchant armour {unknown}
 j - 4 scrolls of teleportation
 k - 4 scrolls of magic mapping {unknown}
 m - 2 scrolls of enchant weapon {unknown}
 p - 6 scrolls of recharging {unknown}
 s - 2 scrolls of torment {unknown}
 t - 3 scrolls of fog {unknown}
 x - a scroll of remove curse
 z - 2 scrolls of fear {unknown}
 H - 3 scrolls of identify
 L - 2 scrolls of amnesia {unknown}
 M - 2 scrolls of immolation {unknown}
 O - a scroll of summoning {unknown}
Potions
 f - 5 potions of curing
 q - 3 potions of flight
 v - 3 potions of brilliance
 K - 3 potions of magic
 P - a potion of haste
Books
 l - a book of Necromancy

   Spells                             Type                      Level
   a - Pain                           Necromancy                   1
   b - Animate Skeleton               Necromancy                   1
   c - Vampiric Draining              Necromancy                   3
   d - Regeneration                   Charms/Necromancy            3
   e - Animate Dead                   Necromancy                   4
   f - Control Undead                 Necromancy                   4
 N - a book of Beasts

   Spells                             Type                      Level
   a - Summon Butterflies             Summoning                    1
   b - Call Canine Familiar           Summoning                    3
   c - Summon Ice Beast               Ice/Summoning                4
   d - Summon Mana Viper              Hexes/Summoning              5
   e - Summon Hydra                   Summoning                    7
Comestibles
 u - 5 royal jellies
 w - 2 bread rations
 B - 5 meat rations
 C - 6 fruits


   Skills:
 + Level 7.4 Fighting
 + Level 10.6 Maces & Flails
   Level 0.4(6.7) Staves
 * Level 10.4 Armour
 + Level 2.6 Dodging
 + Level 11.4 Shields


You had 10 spell levels left.
You didn't know any spells.

Dungeon Overview and Level Annotations

Branches:
Dungeon (11/15)            Temple (1/1) D:5            Lair (0/6) D:8
    Orc: D:9-12

Altars:
Ashenzari
Cheibriados
Dithmenos
Gozag
Hepliaklqana
Makhleb
Nemelex Xobeh
Trog
Uskayaw
Xom
Yredelemnul
Zin
The Shining One
Beogh

Annotations:
D:2 Natasha


Innate Abilities, Weirdness & Mutations

You are resistant to torment.
Your stone body is resilient. (AC +7)
You are immune to poison.
You resist negative energy. (rN+)
You are resistant to electric shocks. (rElec)
You can survive without breathing.
You are immune to petrification.
You are immune to rotting.
You have a pair of small horns on your head.
You have sharp toenails.
You are partially covered in rugged brown scales. (AC +1, +3% HP)
You can translocate small distances at will.
You are robust. (+10% HP)
Your spells are a little easier to cast, but a little less powerful.


Message History

The orc hits you but does no damage. You block the orc's attack.
Your shield and chain mail prevent you from hitting the orc priest.
The acid dragon spits acid at you. The splash of acid hits you!
You are splashed with acid!
The acid burns!
You block the orc priest's attack. You block the worker ant's attack.
The orc barely misses you. The orc warrior hits you with a mace!
* * * LOW HITPOINT WARNING * * *
You thump the orc priest!
You kill the orc priest!
The orc hits you but does no damage. You block the acid dragon's attack. x2
You block the worker ant's attack. The orc closely misses you.
You blink.
You feel slightly more hungry.
As you read the scroll of teleportation, it crumbles to dust.
You feel strangely unstable. The acid dragon spits acid at you.
The splash of acid hits you!
* * * LOW HITPOINT WARNING * * *
The acid corrodes you!
You are splashed with acid!
The acid burns!
You die...
Xom titters!

#......... #........#
#......... #.........
#.........
#############........#
#..........##.........
#.....................
#....@......#.........
#........D..........(.
#.....a.o.............
#.......o.............
#........o.#######....
#..........# ###..
#..........# #...
############### ##...
##...## #....


You could see an orc warrior, an acid dragon, a worker ant and 2 orcs.

Vanquished Creatures
  Fannar (D:11)
  Erica (D:11)
  A two-headed ogre (D:9)
  The ghost of ZomBoFoB the Carver, a novice DsCK of Xom (D:4)
  A cyclops (D:11)
  An ugly thing (D:11)
  3 centaur skeletons
  Prince Ribbit (D:8)
  A troll (D:10)
  4 hippogriffs
  2 wraiths
  A shadow (D:11)
  A basilisk (D:7)
  A wyvern (D:10)
  3 hogs (D:7)
  Eustachio (D:4)
  2 hungry ghosts
  Edmund (D:4)
  A hell hound (D:8)
  Duvessa (D:6)
  2 orc warriors
  2 black bears (D:9)
  A sky beast (D:5)
  An eye of draining (D:9)
  An ice beast (D:5)
  2 necrophages
  2 phantoms
  6 ogres
  2 centaurs
  8 bullfrogs
  Dowan (D:6)
  16 killer bees
  7 scorpions
  4 wights (D:8)
  2 howler monkeys
  2 crimson imps
  A bullfrog zombie (D:8)
  A centaur zombie (D:5)
  3 hounds
  A bullfrog skeleton (D:8)
  Crazy Yiuf (D:7)
  8 orc priests
  An iguana (D:9)
  6 orc wizards
  3 worker ants
  Natasha (twice) (D:2)
  A killer bee zombie (D:9)
  A hound zombie (D:5)
  3 hound skeletons
  A worker ant zombie (D:8)
  Robin (D:2)
  3 gnolls (D:7)
  2 howler monkey skeletons
  14 adders
  2 shadow imps
  An ooze (D:5)
  An adder skeleton (D:4)
  3 dart slugs
  2 leopard geckos
  21 orcs
  15 bats
  7 giant cockroaches
  16 goblins
  7 hobgoblins
  13 jackals
  3 quokkas
  3 ball pythons
  7 frilled lizards
  A jackal skeleton (D:4)
  9 kobolds
  15 rats
  A bush (D:11)
268 creatures vanquished.

Vanquished Creatures (collateral kills)
  A hog (D:7)
  A hell hound (D:8)
  An orc warrior (D:7)
  2 bullfrogs
  An orc priest (D:7)
  An orc wizard (D:7)
  A worker ant (D:6)
  3 orcs (D:7)
  2 jackals (D:7)
13 creatures vanquished.

Vanquished Creatures (others)
  A bush (D:5)
  A fungus (D:4)
2 creatures vanquished.

Grand Total: 283 creatures vanquished

Notes
Turn   | Place    | Note
-------+----------+-------------------------------------------
     0 | D:1      | vishdafish the Gargoyle Fighter began the quest for the Orb.
     0 | D:1      | Reached XP level 1. HP: 14/14 MP: 1/1
    68 | D:1      | Reached XP level 2. HP: 17/19 MP: 2/2
   452 | D:1      | Reached XP level 3. HP: 24/24 MP: 3/3
   755 | D:2      | Noticed Robin
   856 | D:1      | Reached XP level 4. HP: 17/29 MP: 4/4
   991 | D:2      | Killed Robin
   991 | D:2      | Reached skill level 4 in Shields
  1143 | D:2      | Noticed Natasha
  1160 | D:2      | Killed Natasha
  1392 | D:2      | Noticed Natasha
  1401 | D:2      | Killed Natasha
  1401 | D:2      | Reached XP level 5. HP: 23/33 MP: 5/5
  1603 | D:2      | Noticed Natasha
  1686 | D:3      | Found a bloodstained altar of Trog.
  2034 | D:3      | Found a glowing golden altar of the Shining One.
  2106 | D:3      | Found an opulent altar of Gozag.
  2148 | D:4      | Noticed Eustachio
  2164 | D:4      | Killed Eustachio
  2164 | D:4      | Reached XP level 6. HP: 26/38 MP: 6/6
  2249 | D:4      | Found a shattered altar of Ashenzari.
  2315 | D:4      | Noticed ZomBoFoB's ghost (novice DsCK)
  2329 | D:4      | Killed ZomBoFoB's ghost
  2329 | D:4      | Reached skill level 5 in Maces & Flails
  2329 | D:4      | Reached skill level 5 in Armour
  2329 | D:4      | Reached skill level 1 in Dodging
  2329 | D:4      | Reached skill level 5 in Shields
  2329 | D:4      | Reached XP level 7. HP: 44/44 MP: 7/7
  2518 | D:4      | Reached skill level 6 in Shields
  2536 | D:4      | Reached XP level 8. HP: 11/48 MP: 8/8
  3096 | D:4      | Noticed Edmund
  3113 | D:4      | Killed Edmund
  3160 | D:5      | Entered Level 5 of the Dungeon
  3273 | D:5      | Found a staircase to the Ecumenical Temple.
  3423 | Temple   | Entered the Ecumenical Temple
  3469 | Temple   | Became a worshipper of Xom of Chaos
  3628 | D:5      | Reached skill level 5 in Fighting
  3731 | D:5      | XOM: silly message
  3771 | D:5      | XOM: potion effect (haste)
  3865 | D:5      | Gained mutation: Your spells are a little easier to cast, but a little less powerful. [mutagenic meat]
  3866 | D:5      | Gained mutation: You are robust. (+10% HP) [mutagenic meat]
  3867 | D:5      | Gained mutation: You have sharp toenails. [mutagenic meat]
  3868 | D:5      | Gained mutation: You are agile. (Dex +2) [mutagenic meat]
  3883 | D:5      | XOM: harmless Hex miscast
  3885 | D:5      | XOM: harmless Pois miscast
  3909 | D:5      | XOM: cast spell 'Summon Small Mammal'
  3926 | D:5      | XOM: divination: magic mapping
  3938 | D:5      | Reached skill level 7 in Shields
  4215 | D:6      | XOM: god gift: wand of scattershot (?/9) {god gift}
  4251 | D:6      | XOM: enchant monster (bad)
  4258 | D:6      | Reached XP level 9. HP: 57/59 MP: 9/9
  4321 | D:6      | XOM: god gift: scroll labeled LUOCVO GIAMOF {god gift}
  4612 | D:6      | Noticed Duvessa
  4614 | D:6      | Noticed Dowan
  4614 | D:6      | XOM: snakes to sticks
  4625 | D:6      | Killed Duvessa
  4639 | D:6      | XOM: cast spell 'Death Channel'
  4649 | D:6      | Killed Dowan
  4757 | D:6      | XOM: scenery: create altars
  5176 | D:7      | XOM: enchant monster (good)
  5238 | D:7      | XOM: summons 6 friendly demons
  5362 | D:7      | Found a shimmering altar of Xom.
  5469 | D:7      | XOM: god gift: 32 gold pieces
  5470 | D:7      | XOM: summons 5 friendly demons
  5473 | D:7      | XOM: scenery: create altars
  5476 | D:7      | XOM: fake destruction
  5685 | D:7      | Reached skill level 8 in Shields
  5692 | D:7      | XOM: polymorph human -> basilisk
  5707 | D:7      | XOM: summons 6 friendly demons
  5711 | D:7      | Reached XP level 10. HP: 21/66 MP: 10/10
  5721 | D:7      | XOM: god gift: scroll labeled VANEIF NARIO {god gift}
  6099 | D:7      | Found a runed door.
  6103 | D:7      | Noticed Crazy Yiuf
  6112 | D:7      | Killed Crazy Yiuf
  6222 | D:8      | XOM: 1-stop teleportation journey
  6227 | D:8      | XOM: summons friendly shadow imp
  6243 | D:8      | Found a staircase to the Lair.
  6424 | D:8      | Noticed Prince Ribbit
  6453 | D:8      | Killed Prince Ribbit
  6650 | D:8      | XOM: scenery: create altars
  6796 | D:8      | XOM: harmless Summ miscast
  6914 | D:8      | XOM: mild Chrm miscast
  7177 | D:9      | XOM: cloud trail
  7206 | D:9      | XOM: cleaving
  7271 | D:9      | Found a sparkling altar of Nemelex Xobeh.
  7298 | D:9      | Noticed a guardian serpent
  7308 | D:9      | XOM: enchant monster (good)
  7491 | D:9      | a guardian serpent changed into an eye of draining
  7491 | D:9      | XOM: polymorph guardian serpent -> eye of draining
  7496 | D:9      | Reached skill level 9 in Shields
  7675 | D:9      | Noticed a two-headed ogre
  7676 | D:9      | XOM: cast spell 'Shadow Creatures'
  7680 | D:9      | Killed a two-headed ogre
  7812 | D:9      | Got a smoking lajatang
  7818 | D:9      | Identified the cursed +1 lajatang of a Thousand Lies {flame, -Tele rPois MR++ Int+3} (You found it on level 9 of the Dungeon)
  7904 | D:9      | Reached XP level 11. HP: 67/72 MP: 11/11
  8045 | D:10     | Entered Level 10 of the Dungeon
  8062 | D:10     | Reached skill level 10 in Maces & Flails
  8062 | D:10     | Reached skill level 10 in Shields
  8109 | D:10     | XOM: divination: detect creatures
  8112 | D:10     | XOM: divination: detect creatures
  8118 | D:10     | XOM: mild Chrm miscast
  8217 | D:10     | XOM: harmless Tmut miscast
  8403 | D:10     | Found a roughly hewn altar of Beogh.
  8933 | D:11     | XOM: silly message
  9008 | D:11     | Noticed a cyan ugly thing
  9010 | D:11     | XOM: mild Summ miscast
  9021 | D:11     | Killed a cyan ugly thing
  9021 | D:11     | Reached skill level 11 in Shields
  9025 | D:11     | Gained mutation: You can translocate small distances at will. [mutagenic meat]
  9031 | D:11     | Lost mutation: You are agile. (Dex +2) [mutagenic meat]
  9032 | D:11     | Gained mutation: You are partially covered in rugged brown scales. (AC +1, +3% HP) [mutagenic meat]
  9033 | D:11     | Gained mutation: You have a pair of small horns on your head. [mutagenic meat]
  9056 | D:11     | Noticed Erica
  9060 | D:11     | XOM: cast spell 'Monstrous Menagerie'
  9073 | D:11     | Killed Erica
  9073 | D:11     | Reached skill level 10 in Armour
  9098 | D:11     | XOM: harmless Air miscast
  9228 | D:11     | Noticed Fannar
  9230 | D:11     | XOM: enchant monster (good)
  9235 | D:11     | XOM: harmless Summ miscast
  9244 | D:11     | XOM: confuse monster(s)
  9267 | D:11     | Killed Fannar
  9315 | D:11     | Noticed a cyclops
  9324 | D:11     | Killed a cyclops
  9442 | D:11     | XOM: summons 1 hostile demon
  9454 | D:11     | XOM: summons 5 hostile demons
  9777 | D:11     | Splashed by an acid dragon's acid

Skill      XL: |  1  2  3  4  5  6  7  8  9 10 11 |
---------------+----------------------------------+-----
Shields        | 4 5 6 7 8 9 11 | 11.4
Armour         | 4 5 6 7 9 10 | 10.4
Maces & Flails | 3 4 5 6 8 9 10 | 10.6
Fighting       | 4 5 6 7 |  7.4
Dodging        | 1 2 |  2.6
Staves         | |  0.4

Action                   |  1- 3 |  4- 6 |  7- 9 | 10-12 || total
-------------------------+-------+-------+-------+-------++-------
Melee: Flail             |   164 |   164 |   524 |   584 ||  1436
       Lajatang          |       |       |       |    12 ||    12
       Headbutt          |       |       |       |    34 ||    34
 Abil: Blink             |       |       |       |     2 ||     2
Evoke: Wand              |       |       |     1 |     2 ||     3
  Use: Scroll            |       |     4 |     1 |     6 ||    11
       Potion            |       |     2 |     9 |     4 ||    15
 Stab: Paralysed         |       |       |     2 |       ||     2
       Confused          |       |       |       |     3 ||     3
  Eat: Bread ration      |       |     2 |     2 |     1 ||     5
       Chunk             |       |       |     5 |     4 ||     9
       Meat ration       |       |       |       |     2 ||     2
       Royal jelly       |       |       |       |     1 ||     1
Armor: Scale mail        |    68 |       |       |       ||    68
       Chain mail        |    64 |   136 |   353 |   299 ||   852
Dodge: Dodged            |    59 |    45 |   149 |   163 ||   416
Block: Shield            |   119 |    94 |   354 |   527 ||  1094
       Other             |       |       |       |     2 ||     2
       Reflection        |       |       |       |     4 ||     4
